 Seeded DCSS version 0.32-a0-616-g9348d4545b (webtiles) character file.

Game seed: 2031629064546014688 (custom seed)

184 Juicyj the Trooper (level 5, 0/47 HPs)
             Began as a Mountain Dwarf Fighter on Mar 5, 2024.
             Succumbed to a gnoll sergeant's poison
             ... on level 3 of the Dungeon.
             The game lasted 00:02:17 (1819 turns).

Juicyj the Trooper (Mountain Dwarf Fighter)         Turns: 1819, Time: 00:02:18

Health: 0/47       AC:  7    Str: 21    XL:     5   Next: 36%
Magic:  5/5        EV:  9    Int:  8    God:
Gold:   93         SH:  4    Dex:  9    Spells: 4/4 levels left

rFire   . . .        a - +0 war axe
rCold   . . .        c - +0 buckler
rNeg    . . .        b - +0 scale mail
rPois   .            (no helmet)
rElec   .            (no cloak)
rCorr   .            (no gloves)
SInv    +            (no boots)
Will    .....        (no amulet) Stlth
                     i - ring of see invisible
HPRegen 0.27/turn    (no ring)
MPRegen 0.09/turn

%: no passive effects
@: lethally poisoned (0 -> -8), attractive
A: runic magic, artefact enchanting
a: no special abilities


You were on level 3 of the Dungeon.
You visited 1 branch of the dungeon, and saw 3 of its levels.

You collected 93 gold pieces.

Inventory:

Hand Weapons
 a - a +0 war axe (weapon)
Armour
 b - a +0 scale mail (worn)
 c - a +0 buckler (worn)
Jewellery
 i - a ring of see invisible (left hand)
 n - a ring of fire
Scrolls
 f - 4 scrolls of identify {unknown}
 g - 2 scrolls of noise {unknown}
 h - a scroll of vulnerability {unknown}
 j - a scroll of revelation {unknown}
 k - a scroll of acquirement {unknown}
 l - a scroll of silence {unknown}
 m - a scroll of teleportation {unknown}


   Skills:
 + Level 4.4 Fighting
 + Level 4.0 Axes
 + Level 4.3 Armour
 + Level 4.3 Shields


You had 4 spell levels left.
You didn't know any spells.
Your spell library contained the following spells:

 Spells                   Type           Power      Damage    Failure   Level
 Call Imp                 Summ           0%         N/A       71%         2
 Sublimation of Blood     Necr           0%         N/A       71%         2
 Summon Hydra             Summ           0%         N/A       100%        7


Dungeon Overview and Level Annotations

Branches:
Dungeon (3/15)

Altars:
Nemelex Xobeh

Shops:
D:2 :


Innate Abilities, Weirdness & Mutations

Your spellcasting is much less encumbered by armour.
You can use scrolls of enchantment on lesser artefacts.


Message History

You closely miss the gnoll sergeant. You barely miss the gnoll sergeant.
You hit the gnoll.
You feel very sick. The gnoll completely misses you.
The gnoll sergeant barely misses you.
The gnoll sergeant hits you but does no damage.
You hit the gnoll sergeant.
The gnoll sergeant is lightly wounded.
You barely miss the gnoll. You hit the gnoll sergeant.
You feel very sick. The gnoll barely misses you.
The gnoll sergeant hits you but does no damage.
You are more poisoned.
The gnoll sergeant closely misses you. The gnoll hits you but does no damage.
The gnoll sergeant hits you with a +0 trident of protection.
The gnoll sergeant hits you but does no damage.
It was a potion of cancellation.
Your magical effects are unravelling.
You feel magically purged.
You feel a little less mighty now.
You feel very sick. The gnoll barely misses you.
The gnoll sergeant hits you with a +0 trident of protection!
You block the gnoll sergeant's attack.
It was a potion of attraction.
You feel attractive to monsters.
* * * LOW HITPOINT WARNING * * *
You feel very sick.
The gnoll sergeant hits you with a +0 trident of protection.
* * * LOW HITPOINT WARNING * * *
The gnoll hits you with a +0 club!
* * * LOW HITPOINT WARNING * * *
The gnoll sergeant barely misses you.
Blink to where?
Press: ? - help, Dir - move target
As you read the scroll labelled UDIJOETERR, it crumbles to dust.
It was a scroll of blinking.
* * * LOW HITPOINT WARNING * * *
You feel very sick.
The gnoll is attracted toward you. x2; Something is attracted toward you. x3
You die...

##......######
#.# #......# #.#
##.##.#.# #.#
#.....#.# #.#
#..####.# #.#
#..# #.# #.#
#..# #.# #.#
#..# #.# #.#
#@.####.# #.#
########.......#
#.#
#g.ggggg.#######
#.# #g########
#.# #.#
#######.# #g#
.........


#gg #######.. ### ### #. You could see a gnoll.

Vanquished Creatures
  A phantom (D:3)
  A bombardier beetle (D:3)
  2 adders (D:2)
  A dart slug (D:1)
  3 ribbon worms
  5 ball pythons
  2 endoplasms
  3 giant cockroaches
  4 goblins
  9 hobgoblins
  2 jackals (D:2)
  2 quokkas
  6 bats
  6 frilled lizards
  6 kobolds
  4 rats
57 creatures vanquished.

Notes
Turn   | Place    | Note
-------+----------+-------------------------------------------
     0 | D:1      | Juicyj the Mountain Dwarf Fighter began the quest for the
                  | Orb.
     0 | D:1      | Reached XP level 1. HP: 19/19 MP: 1/1
     9 | D:1      | Found a faded altar of an unknown god.
    48 | D:1      | Prayed at the altar of an unknown god.
    48 | D:1      | Became a worshipper of Nemelex Xobeh the Trickster
    48 | D:1      | Reached * piety under Nemelex Xobeh
    49 | D:1      | Fell from the grace of Nemelex Xobeh
   282 | D:1      | Reached XP level 2. HP: 25/26 MP: 2/2
   530 | D:1      | Reached XP level 3. HP: 31/32 MP: 3/3
   863 | D:2      | Found Vamym's Book Boutique.
   971 | D:2      | Reached XP level 4. HP: 27/40 MP: 4/4
  1683 | D:3      | Noticed a phantom
  1692 | D:3      | Killed a phantom
  1693 | D:3      | Reached XP level 5. HP: 36/47 MP: 5/5
  1818 | D:3      | HP: 1/47 [poisoned by a gnoll sergeant]
  1819 | D:3      | Succumbed to a gnoll sergeant's poison

Illustrated notes

Levels and vault maps discovered:
D:1:      tarquinn_simple_flora_water_e, layout_basic,
          shapermc_ecumenical_altar_ellora, item_on_display_a
D:2:      layout_rooms, serial_shops, nicolae_shop_rolling_square,
          roderic_serpentine_path, fountainhead, minmay_octomino_j4
D:3:      layout_loops_ring, nicolae_uskayaw_suspiria, kennysheep_small_spiral

Skill      XL: |  1  2  3  4 |
---------------+-------------+-----
Axes           | 3 4 |  4.0
Fighting       | 4 |  4.4
Shields        | 4 |  4.3
Armour         | 4 |  4.3

Action                     |  1- 3 |  4- 6 || total
---------------------------+-------+-------++-------
  Melee: War axe           |   126 |    60 ||   186
 Invoke: Renounce Religion |     1 |       ||     1
    Use: Potion            |       |     3 ||     3
         Scroll            |       |     1 ||     1
 Armour: Scale mail        |    97 |    50 ||   147
  Dodge: Dodged            |    58 |    25 ||    83
  Block: Buckler           |    34 |    10 ||    44

Table legend: (Time is in decaauts)
 A = Elapsed time spent in this place.
 B = Non-inter-level travel time spent in this place.
 C = Inter-level travel time spent in this place.
 D = Time resting spent in this place.
 E = Time spent auto-exploring this place.
 F = Levels seen in this place.
 G = Mean time per level.
                   A        B        C        D        E       F      G
               +--------+--------+--------+--------+--------+-----+--------+
         Total |   1888 |   1872 |     16 |      0 |   1392 |   3 |  629.3 |
       Dungeon |   1888 |   1872 |     16 |      0 |   1392 |   3 |  629.3 |
               +--------+--------+--------+--------+--------+-----+--------+

Top non-repeatable levels by time:
     D:1: 782 daAuts
     D:2: 587 daAuts
     D:3: 518 daAuts
